 Dungeon Crawl Stone Soup version 0.26-a0-540-g8a0c9464d7 (webtiles) character file.

Game seed: 12994676795380005087

67 HammerPanzer the Slasher (level 3, -6/29 HPs)
             Began as a Demonspawn Berserker on Aug 18, 2020.
             Was a Believer of Trog.
             Killed by nerve-wracking pain
             ... invoked by Grinder
              (12 damage)
             ... on level 3 of the Dungeon.
             The game lasted 00:05:31 (2168 turns).

HammerPanzer the Slasher (Demonspawn Berserker)     Turns: 2168, Time: 00:05:32

Health: -6/29      AC:  8    Str: 18    XL:     3   Next: 98%
Magic:  3/3        EV:  8    Int:  8    God:    Trog [**....]
Gold:   131        SH:  0    Dex: 16    Spells: 2/2 levels left

rFire    . . .     SeeInvis .   a - +0 falchion
rCold    . . .     Faith    .   (no shield)
rNeg     . . .     Spirit   .   p - +0 chain mail
rPois    .         Reflect  .   (no helmet)
rElec    .         Harm     .   (no cloak)
rCorr    .                      (no gloves)
MR       .....                  (no boots)
Stlth    ..........             (no amulet)
HPRegen  0.09/turn              (no ring)
MPRegen  0.08/turn              (no ring)

@: berserk cooldown, slowed, very slow
A: thin skeletal structure 2
a: Berserk, Trog's Hand, Renounce Religion


You were on level 3 of the Dungeon.
You worshipped Trog.
Trog was pleased with you.
You visited 1 branch of the dungeon, and saw 3 of its levels.

You collected 131 gold pieces.

Inventory:

Hand Weapons
 a - a +0 falchion (weapon)
Missiles
 b - 7 poisoned darts (quivered)
Armour
 p - a +0 chain mail (worn)
Scrolls
 c - 5 scrolls of identify {unknown}
 d - 2 scrolls of remove curse {unknown}
 j - 2 scrolls of teleportation {unknown}
 k - 3 scrolls of amnesia {unknown}
 n - a scroll of magic mapping {unknown}
Potions
 e - 2 potions of curing {unknown}
 g - a potion of berserk rage {unknown}
 h - a potion of flight {unknown}
 i - a potion of magic {unknown}
 l - a potion of lignification {unknown}
 m - a potion of heal wounds {unknown}
 o - a potion of might {unknown}


   Skills:
 - Level 3.0 Fighting
 * Level 4.0 Long Blades
 - Level 1.7 Armour
 + Level 2.6 Dodging


You had 2 spell levels left.
You didn't know any spells.
Your spell library was empty.

Dungeon Overview and Level Annotations

Branches:
Dungeon (3/15)

Altars:

Annotations:
D:3 Grinder


Innate Abilities, Weirdness & Mutations

You have a moderately thin skeletal structure. (Dex +4, Stealth+)


Message History

Grinder hits you.
You are no longer berserk.
You feel yourself slow down. Grinder hits you.
You writhe in agony.
Grinder hits you.
You writhe in agony.
* * * LOW HITPOINT WARNING * * *
Grinder gestures at you.
You shrug off the repeated paralysis!
Grinder hits you.
* * * LOW HITPOINT WARNING * * *
You writhe in agony.
* * * LOW HITPOINT WARNING * * *
You can move again.
Grinder blinks!
Grinder blinks!
Grinder blinks!
Grinder is nearby!
Okay, then.
Grinder gestures at you. Pain shoots through your body!
You die...

#.....# #......... .
#.....# #......... . ..
#.....# #.........
.....###.....###.......##
..>......................
............5............
.....###.....##........##
#....(.......##........#
........@....##...#......
.........†##.)....#......
..................#......
..##+##...........# ....
. #...........## ...
#......###..... #.......
#...... #........#......
#........#...##.


You could see Grinder.

Vanquished Creatures
  2 adders (D:2)
  A dart slug (D:1)
  A giant cockroach (D:3)
  9 goblins
  8 hobgoblins
  8 bats
  7 frilled lizards
  4 kobolds
  10 rats
50 creatures vanquished.

Notes
Turn   | Place    | Note
-------+----------+-------------------------------------------
     0 | D:1      | HammerPanzer the Demonspawn Berserker began the quest for
                  | the Orb.
     0 | D:1      | Reached XP level 1. HP: 18/18 MP: 1/1
    72 | D:1      | Reached skill level 3 in Long Blades
   204 | D:1      | Gained mutation: You have a somewhat thin skeletal
                  | structure. (Dex +2, Stealth) [demonic ancestry]
   204 | D:1      | Reached XP level 2. HP: 24/24 MP: 2/2
   907 | D:1      | Gained mutation: You have a moderately thin skeletal
                  | structure. (Dex +4, Stealth+) [demonic ancestry]
   907 | D:1      | Reached XP level 3. HP: 28/29 MP: 3/3
  1303 | D:2      | Reached ** piety under Trog
  2131 | D:3      | Noticed Grinder
  2142 | D:3      | Reached skill level 4 in Long Blades
  2150 | D:3      | Paralysed by Grinder for 7 turns
  2168 | D:3      | Killed from afar by Grinder

Illustrated notes

Levels and vault maps discovered:
D:1:      elethiomel_arrival_infinity_welcomes_careful_drivers, layout_rooms,
          minmay_tiny_reverse_x
D:2:      layout_basic
D:3:      layout_basic, uniq_grinder

Skill      XL: |  1  2  3 |
---------------+----------+-----
Long Blades    | 3 4 |  4.0
Dodging        | 2 |  2.6
Fighting       | |  3.0
Armour         | |  1.7

Action                   || total
-------------------------++-------
Melee: Falchion          ||   126
Invok: Berserk           ||     1
 Stab: Sleeping          ||     2
Armor: Animal skin       ||     4
       Ring mail         ||    33
       Chain mail        ||     4
Dodge: Dodged            ||    83
       Rpst.: Falchion   ||    23

Table legend: (Time is in decaauts)
 A = Elapsed time spent in this place.
 B = Non-inter-level travel time spent in this place.
 C = Inter-level travel time spent in this place.
 D = Time resting spent in this place.
 E = Time spent auto-exploring this place.
 F = Levels seen in this place.
 G = Mean time per level.
                   A        B        C        D        E       F      G
               +--------+--------+--------+--------+--------+-----+--------+
         Total |   2186 |   2119 |     67 |    433 |   1140 |   3 |  728.7 |
       Dungeon |   2186 |   2119 |     67 |    433 |   1140 |   3 |  728.7 |
               +--------+--------+--------+--------+--------+-----+--------+

Top non-repeatable levels by time:
     D:1: 1065 daAuts
     D:2: 968 daAuts
     D:3: 152 daAuts
